 Dungeon Crawl Stone Soup version 0.28.0-47-ge53b351184 (webtiles) character file.

Game seed: 4047935042053382110

1897 llusername the Twirler (level 8, -23/70 HPs)
             Began as a Minotaur Fighter on Apr 28, 2022.
             Was an Initiate of Wu Jian.
             Annihilated by a two-headed ogre
             ... wielding a +0 giant club
              (26 damage)
             ... on level 6 of the Dungeon.
             The game lasted 00:09:24 (5501 turns).

llusername the Twirler (Minotaur Fighter)           Turns: 5501, Time: 00:09:25

Health: -23/70     AC:  9    Str: 22    XL:     8   Next: 93%
Magic:  7/7        EV: 11    Int:  5    God:    Wu Jian [......]
Gold:   370        SH:  0    Dex: 11    Spells: 7/7 levels left

rFire   . . .      SeeInvis .   m - +4 quarterstaff (chaos)
rCold   . . .      Faith    .   (shield currently unavailable)
rNeg    . . .      Spirit   .   b - +0 scale mail
rPois   .          Reflect  .   (helmet restricted)
rElec   .          Harm     .   n - +0 cloak
rCorr   .          Rampage  .   (no gloves)
Will    .....                   (no boots)
Stlth   ..........              r - amulet of the acrobat
HPRegen 0.21/turn               (no ring)
MPRegen 0.10/turn               (no ring)

@: no status effects
A: horns 2, retaliatory headbutt
a: Renounce Religion


You were on level 6 of the Dungeon.
You worshipped Wu Jian.
Wu Jian was noncommittal.
You visited 1 branch of the dungeon, and saw 6 of its levels.

You collected 370 gold pieces.

Inventory:

Hand Weapons
 a - a +0 long sword
 m - a +4 quarterstaff of chaos (weapon)
Armour
 b - a +0 scale mail (worn)
 c - a +0 buckler
 n - a +0 cloak (worn)
Jewellery
 r - an amulet of the acrobat (around neck)
 v - a ring of protection from cold
 w - a +6 ring of strength
Wands
 k - a wand of flame (3) (quivered)
 s - a wand of acid (3)
Scrolls
 e - a scroll of fog {unknown}
 f - 5 scrolls of identify {unknown}
 g - 2 scrolls of amnesia {unknown}
 h - 2 scrolls of teleportation {unknown}
 j - a scroll of summoning {unknown}
 o - a scroll of noise {unknown}
 p - a scroll of vulnerability {unknown}
 q - a scroll of immolation {unknown}
 u - 2 scrolls of fear {unknown}
Potions
 d - a potion of flight {unknown}
 i - 4 potions of curing {unknown}
 l - a potion of degeneration {unknown}
 t - a potion of magic {unknown}
 x - a potion of haste {unknown}
 z - a potion of mutation {unknown}


   Skills:
 + Level 5.9 Fighting
 + Level 6.2 Long Blades
 + Level 7.8 Staves
 + Level 7.6 Armour
 + Level 3.5 Dodging
 + Level 1.1 Stealth
 + Level 4.5 Shields


You had 7 spell levels left.
You didn't know any spells.
Your spell library contained the following spells:

 Spells                   Type           Power      Damage    Failure   Level
 Beastly Appendage        Tmut           0%         N/A       77%         1
 Sting                    Tmut/Pois      0%         1d3       77%         1
 Static Discharge         Conj/Air       0%         N/A       88%         2
 Wereblood                Tmut           0%         N/A       88%         2
 Inner Flame              Hex/Fire       0%         N/A       98%         3
 Spider Form              Tmut/Pois      0%         N/A       98%         3
 Cause Fear               Hex            0%         N/A       100%        4
 Dispel Undead            Necr           0%         3d6       100%        4
 Sticky Flame             Conj/Fire      0%         2d3       100%        4
 Discord                  Hex            0%         N/A       100%        8


Dungeon Overview and Level Annotations

Branches:
Dungeon (6/15)
 Temple: D:4-7

Altars:
Cheibriados
Nemelex Xobeh
Sif Muna
Wu Jian


Innate Abilities, Weirdness & Mutations

You have a pair of horns on your head.
You reflexively headbutt those who attack you in melee.


Message History

A two-headed ogre is nearby!
A two-headed ogre is nearby!
You sock the two-headed ogre! You freeze the two-headed ogre.
The two-headed ogre is lightly wounded.
The two-headed ogre completely misses you.
The two-headed ogre hits you with a +0 giant club.
A two-headed ogre is nearby!
You sock the two-headed ogre! You drain the two-headed ogre.
You headbutt the two-headed ogre.
The two-headed ogre is heavily wounded.
A two-headed ogre is nearby!
You sock the two-headed ogre! You headbutt the two-headed ogre.
The two-headed ogre is severely wounded.
The two-headed ogre hits you with a +0 giant club! x2
* * * LOW HITPOINT WARNING * * *
A two-headed ogre is nearby!
A two-headed ogre is nearby!
You are too injured to fight recklessly!
A two-headed ogre is nearby!
You are too injured to fight recklessly!
A two-headed ogre is nearby!
You are too injured to fight recklessly!
A two-headed ogre is nearby!
You are too injured to fight recklessly!
A two-headed ogre is nearby!
You sock the two-headed ogre! You freeze the two-headed ogre.
The two-headed ogre is almost dead.
The two-headed ogre hits you but does no damage.
The two-headed ogre hits you with a +0 giant club.
* * * LOW HITPOINT WARNING * * *
You completely miss the two-headed ogre.
Your headbutt misses the two-headed ogre.
The two-headed ogre is almost dead.
You hit the two-headed ogre.
The two-headed ogre seems to grow stronger.
The two-headed ogre is almost dead.
The two-headed ogre hits you with a +0 giant club!
* * * LOW HITPOINT WARNING * * *
The two-headed ogre hits you with a +0 giant club!!
You die...

........##
#..# .......##
##.## .......#
#..# ......##
#.## ....<##
##.# .....#
#..# ....##
#.## ...##
##.# #### #.@#
#O.# #....
#......
#........
#..#.......
#..#.........
..##..........


You could see a two-headed ogre (strong, drained).

Vanquished Creatures
  Grinder (D:3)
  2 shadows
  A water moccasin (D:6)
  A black bear (D:5)
  2 necrophages
  An ice beast (D:5)
  A centaur (D:5)
  2 ogres (D:5)
  A scorpion (D:5)
  2 centaur skeletons
  An orc priest (D:4)
  4 hounds
  Crazy Yiuf (D:3)
  An orc wizard (D:4)
  Natasha (thrice) (D:3)
  7 iguanas
  4 adders
  3 worms
  A dart slug (D:4)
  7 orcs (D:4)
  7 endoplasms
  2 giant cockroaches
  6 goblins
  7 hobgoblins
  5 kobolds
  3 quokkas
  3 ball pythons
  2 bats
  4 frilled lizards
  A quokka skeleton (D:4)
  6 rats
92 creatures vanquished.

Vanquished Creatures (others)
  4 fungi (D:3)
  2 plants (D:3)
6 creatures vanquished.

Grand Total: 98 creatures vanquished

Notes
Turn   | Place    | Note
-------+----------+-------------------------------------------
     0 | D:1      | llusername the Minotaur Fighter began the quest for the
                  | Orb.
     0 | D:1      | Reached XP level 1. HP: 19/19 MP: 0/0
   612 | D:1      | Reached XP level 2. HP: 25/27 MP: 1/1
  1224 | D:2      | Reached XP level 3. HP: 33/33 MP: 2/2
  1841 | D:3      | Noticed Natasha
  1848 | D:3      | Noticed Grinder
  1849 | D:3      | Found a faded altar of an unknown god.
  1853 | D:3      | Killed Natasha
  1854 | D:3      | Reached XP level 4. HP: 34/40 MP: 3/3
  1868 | D:3      | HP: 2/40 [Grinder (5)]
  1869 | D:3      | Killed Grinder
  1870 | D:3      | Reached skill level 5 in Long Blades
  1870 | D:3      | Reached skill level 5 in Armour
  1870 | D:3      | Reached skill level 1 in Dodging
  1870 | D:3      | Reached XP level 5. HP: 2/47 MP: 4/4
  1951 | D:3      | Noticed Natasha
  1958 | D:3      | Killed Natasha
  1959 | D:3      | Reached XP level 6. HP: 8/53 MP: 5/5
  2214 | D:3      | Noticed Natasha
  2217 | D:3      | Killed Natasha
  2305 | D:3      | Got Plato's Catalogue of Transmigration
  2336 | D:3      | Found a snail-covered altar of Cheibriados.
  2676 | D:3      | Found a runed translucent door.
  2677 | D:3      | Noticed Crazy Yiuf
  2879 | D:3      | Killed Crazy Yiuf
  3279 | D:4      | Found a shimmering blue altar of Sif Muna.
  3481 | D:4      | Reached XP level 7. HP: 58/60 MP: 6/6
  3937 | D:5      | Entered Level 5 of the Dungeon
  3945 | D:5      | Noticed a shadow
  3950 | D:5      | Killed a shadow
  4074 | D:5      | Reached skill level 5 in Fighting
  4121 | D:5      | Reached skill level 5 in Staves
  4121 | D:5      | Reached XP level 8. HP: 45/68 MP: 7/7
  4767 | D:5      | Found an ornate altar of the Wu Jian Council.
  4777 | D:5      | Became a worshipper of the Wu Jian Council
  5003 | D:6      | Reached skill level 1 in Stealth
  5326 | D:6      | Found a sparkling altar of Nemelex Xobeh.
  5492 | D:6      | Noticed a two-headed ogre
  5501 | D:6      | HP: 3/70 [two-headed ogre/+0 giant club (12)]
  5501 | D:6      | Annihilated by a two-headed ogre

Illustrated notes

Levels and vault maps discovered:
D:1:      dpeg_arrival_rooms_b, layout_basic
D:2:      layout_loops_cross, grunt_decor_arrowhead, minmay_misc_feat_cross,
          st_stairs_3, kennysheep_cross_room, minivault_5,
          kennysheep_generic_room_14
D:3:      layout_loops_ring, mainiacjoe_overflow_tiny_flanked,
          shapermc_ecumenical_altar_rom_forum, uniq_crazy_yiuf_cottage,
          uniq_natasha, uniq_grinder
D:4:      layout_basic, nicolae_sif_muna_little_library
D:5:      layout_rooms, mainiacjoe_overflow_alcove_1
D:6:      layout_cave_pods, nemelex_diamond_rough_becter, temple_statues

Skill      XL: |  1  2  3  4  5  6  7  8 |
---------------+-------------------------+-----
Armour         | 4 5 6 7 |  7.6
Fighting       | 4 5 |  5.9
Shields        | 4 |  4.5
Long Blades    | 3 4 5 6 |  6.2
Dodging        | 1 2 3 |  3.5
Staves         | 5 7 |  7.8
Stealth        | 1 |  1.1

Action                   |  1- 3 |  4- 6 |  7- 9 || total
-------------------------+-------+-------+-------++-------
Melee: Long sword        |    72 |    44 |       ||   116
       Headbutt          |     8 |    12 |    13 ||    33
       Quarterstaff      |       |    31 |    76 ||   107
Invok: Lunge             |       |       |     4 ||     4
  Use: Potion            |       |     1 |       ||     1
Armor: Scale mail        |    24 |    29 |    24 ||    77
Dodge: Dodged            |    28 |    39 |    46 ||   113
Block: Buckler           |    16 |     5 |       ||    21
